Zazza, neutral female human Wizard ###*########## # --------------- # # ----------- ----.--- |.............-#* ## |.........| |......-#### |.............| # |.........| |......| # |.............| # ##..........| |<..[...## ##..............| # # |.........| -----.-- # --------------- ########...^......| ## ######` ## # ---.------- # ########### @ # # ## --------------.- . |..............| @ |..............| ) |..............| ) |..............| )[) ---------------- ----- Zazza the Conjurer Experience level: 3 Strength: 13 Dexterity: 14 Constitution: 15 Intelligence: 18 Wisdom: 9 Charisma: 8 Health: 0(25) Energy: 0(33) Def: 1 Gold: 0 Moves: 926 Dungeon seed: d2XBDhsSvrx7kKcx Game ID: Zazza_1577117641 Your Inventory: Weapons a - a blessed +1 quarterstaff (weapon in hands) r - a +0 orcish dagger Armor e - an uncursed +0 cloak of magic resistance (being worn) y - a cursed +0 orcish helm Scrolls i - an uncursed scroll of magic mapping j - an uncursed scroll of food detection k - an uncursed scroll of enchant weapon Spellbooks l - a blessed spellbook of force bolt m - an uncursed spellbook of clairvoyance Potions f - an uncursed potion of healing h - 2 uncursed potions of water v - a blessed potion of oil Rings c - an uncursed ring of protection from shape changers (on left hand) d - an uncursed ring of polymorph control (on right hand) Wands b - a wand of cold (0:4) s - a wand of enlightenment (0:10) Tools n - an uncursed blindfold Gems q - an uncursed worthless piece of white glass Spells and supernatural/magical abilities: Name Level Category Fail Memory a - force bolt 1 attack 0% 96% v - clairvoyance 3 divination 85% 96% W - pray for help -- divine ? -- Your skills at the end: Fighting Skills Weapon Skills quarterstaff [Basic] Spellcasting Skills attack spells [Basic] enchantment spells [Basic] Final Attributes: You were stridently aligned. You were magic-protected. You were protected from shape changers. You had polymorph control. You are dead. Vanquished creatures: an iguana a gecko 2 jackals a fox a kobold a goblin a sewer rat 2 grid bugs 2 lichens a kobold zombie 9 newts 22 creatures vanquished. Voluntary challenges: You were an atheist. You used a wielded weapon 4 times, starting on turn 139. You were illiterate. You never genocided any monsters. You never polymorphed an object. You never changed form. You used no wishes. You never split a pudding. You never wrote Elbereth's name. You never violated your personal moral code. Dungeon overview: The Dungeons of Doom: levels 1 to 4 Level 1 a long staircase Level 2 Level 3 (gold) a long staircase Level 4 <- You were here a weapon shop History has recorded: On T:1 you entered the Dungeons of Doom to retrieve the Amulet of Yendor! On T:4 you advanced to experience level 2. On T:309 you reached level 2 of The Dungeons of Doom. On T:599 you advanced to experience level 3. On T:649 you reached level 3 of The Dungeons of Doom. On T:769 you reached level 4 of The Dungeons of Doom. Score breakdown: Gold: 0 ( 0 points) Experience: 3 levels ( 7878 points) Exploration: 4 levels ( 7.84%) ( 7348 points) Discoveries: 4 items ( 1.39%) ( 3541 points) Valuables value: (no points given unless you survive) Artifact value: 0 ( 0 points) Variety of kills: 11 monsters ( 2.89%) ( 5097 points) Turncount: 926 turns ( 0 points) Survival: died (score multiplied by 80%) Total score: 19091 Latest messages: The potion of blindness misses Neuvicq. An uncursed potion of blindness shatters! You smell a peculiar odor... It suddenly gets dark. You hear a nearby zap. Boing! The bolt of cold hits it. You kill it! You hear a nearby zap. Boing! You hear a nearby zap. Boing! The bolt of cold hits it. It hits! (2x) You can see again. You don't have anything to eat. You miss Neuvicq. Neuvicq hits! You die... Neuvicq takes all your possessions. Final status: Goodbye Zazza the Wizard, killed by a Mr. Neuvicq, the shopkeeper... You died in The Dungeons of Doom on dungeon level 4 with 19091 points, and 0 pieces of gold, after 926 moves. You were level 3 with a maximum of 25 hit points when you died.